 Dungeon Crawl Stone Soup version 0.24-a0-487-g57318f2ed0 (webtiles) character file.

Game seed: 13793797702601258084

744109 Inquire the Pandemonic (level 27, -24/245 HPs)
             Began as a Hill Orc Monk on July 9, 2019.
             Was a High Priest of Makhleb.
             Annihilated by an Orb Guardian (30 damage)
             ... on level 5 of the Realm of Zot on July 10, 2019.
             The game lasted 02:27:59 (65772 turns).

Inquire the Pandemonic (Hill Orc Monk)             Turns: 65772, Time: 02:28:00

Health: -24/245    AC: 35    Str: 30 (31) XL:     27
Magic:  21/40      EV: 22    Int: 16      God:    Makhleb [*****.]
Gold:   4463       SH: 16    Dex: 17      Spells: 31/49 levels left

rFire    + + .     SeeInvis +   K - +9 broad axe (freeze)
rCold    + . .     Gourm    .   n - +3 buckler {rF+}
rNeg     + + .     Faith    .   G - +8 chain mail of Fent {rF+}
rPois    +         Spirit   .   a - +2 hat
rElec    +         Reflect  +   P - +4 dragonskin cloak
rCorr    +         Harm     .   h - +0 pair of gloves of the Camelopard {rCorr Int+6 Stlth+}
MR       ++...     Rnd*Rage +   y - +2 pair of boots of the Hart {rElec Slay+2} Stlth ..........Rnd*Tele +
                                E - brooch of Shielding {Reflect SH+8}
HPRegen  0.00/turn              Y - ring of Uptasiap {rC+ Str+4 Dex+5 SInv}
MPRegen  0.27/turn              H - ring of Zecybaw {rN+ Str+3}

@: lightly drained
A: horns 1, repulsion field 1, see invisible, berserk 1, clumsy 1, deterioration
1, frail 1, inhibited regeneration, teleportitis 1, weak 1, no potion heal 1
}: 5/15 runes: serpentine, barnacled, slimy, silver, abyssal
a: Minor Destruction, Lesser Servant of Makhleb, Major Destruction, Greater
Servant of Makhleb, Renounce Religion


You were on level 5 of the Realm of Zot.
You worshipped Makhleb.
Makhleb was extremely pleased with you.
You were not hungry.

You visited 12 branches of the dungeon, and saw 58 of its levels.
You visited the Abyss 2 times.
You visited 1 bazaar.
You also visited: Gauntlet and Desolation.

You collected 8381 gold pieces.
You spent 3918 gold pieces at shops.

Inventory:

Hand Weapons
 K - a +9 broad axe of freezing (weapon)
 N - a +6 antimagic eveningstar
 Z - the +8 autumn katana {slice, Clar}
   (You took it off an ironbrand convoker on level 5 of the Vaults)

   It inflicts extra damage upon your enemies.
   It protects you against confusion.
Missiles
 d - 14 curare-tipped darts (quivered)
Armour
 a - a +2 hat (worn)
 h - the +0 pair of gloves of the Camelopard (worn) {rCorr Int+6 Stlth+}
   (You found it on level 4 of the Depths)

   It affects your intelligence (+6).
   It provides partial protection from all sources of acid and corrosion.
   It makes you more stealthy.
 l - the +9 scale mail of the Vanishing Deaths {rN+ MR- Stlth+}
   (You found it on level 4 of the Dungeon)

   It protects you from negative energy.
   It affects your resistance to hostile enchantments.
   It makes you more stealthy.
 n - a +3 buckler of fire resistance (worn)
 p - a +2 helmet of see invisible
 y - the +2 pair of boots of the Hart (worn) {rElec Slay+2}
   (You found it on level 4 of the Depths)

   It affects your accuracy and damage with ranged weapons and melee attacks
   (+2).
   It insulates you from electricity.
 C - the +0 cloak of Seruiss {rPois Str-5 Int+3 Dex+8}
   (You found it on level 7 of the Dungeon)

   It affects your strength (-5).
   It affects your intelligence (+3).
   It affects your dexterity (+8).
   It protects you from poison.
 G - the +8 chain mail of Fent (worn) {rF+}
   (You found it on level 2 of the Depths)

   It protects you from fire.
 P - the +4 dragonskin cloak (worn)
   (You took it off Tiamat on level 3 of the Realm of Zot)
Jewellery
 o - an uncursed ring of positive energy
 q - an uncursed ring of positive energy
 t - the ring "Veifol" {rPois rN+ MR+ Dex-3 SInv}
   (You took it off a frost giant on level 5 of the Vaults)

   [ring of protection from magic]

   It affects your dexterity (-3).
   It protects you from poison.
   It protects you from negative energy.
   It affects your resistance to hostile enchantments.
   It lets you see invisible.
 E - the brooch of Shielding (around neck) {Reflect SH+8}
   (You took it off a deep elf blademaster on level 3 of the Elven Halls)

   [amulet of reflection]

   It shields you and reflects attacks.
   It affects your SH (+8).
 H - the ring of Zecybaw (right hand) {rN+ Str+3}
   (You found it in a Gauntlet)

   [ring of positive energy]

   It affects your strength (+3).
   It protects you from negative energy.
 I - an uncursed ring of flight
 L - an uncursed ring of protection from fire
 V - an uncursed ring of protection from cold
 Y - the ring of Uptasiap (left hand) {rC+ Str+4 Dex+5 SInv}
   (You took it off a deep elf annihilator on level 3 of the Elven Halls)

   [ring of dexterity]

   It affects your strength (+4).
   It affects your dexterity (+5).
   It protects you from cold.
   It lets you see invisible.
Wands
 w - a wand of digging (12)
 B - a wand of acid (36)
 D - a wand of clouds (5)
 U - a wand of scattershot (13)
Scrolls
 e - 4 scrolls of magic mapping
 i - 14 scrolls of teleportation
 j - 3 scrolls of fear
 m - 2 scrolls of enchant armour
 r - 17 scrolls of remove curse
 s - a scroll of brand weapon
 u - 12 scrolls of amnesia
 F - 12 scrolls of fog
 M - 9 scrolls of identify
 R - 2 scrolls of silence
 W - 3 scrolls of holy word
Potions
 g - 6 potions of brilliance
 k - a potion of curing
 z - 3 potions of flight
 A - 8 potions of ambrosia
 J - 5 potions of magic
 T - 3 potions of mutation
Miscellaneous
 v - a lamp of fire (inert)
 O - a fan of gales (inert)
 X - a phantom mirror
Comestibles
 c - 108 rations


   Skills:
 O Level 27(26.3) Fighting
 - Level 19.2(18.7) Long Blades
 - Level 18.2(20.5) Axes
 - Level 13.6(17.5) Maces & Flails
   Level 10.4(15.5) Polearms
   Level 11.3(13.6) Staves
   Level 11.7(11.2) Slings
 - Level 18.4(17.8) Armour
 - Level 16.7(16.2) Dodging
 - Level 1.5(1.2) Stealth
 - Level 5.0(4.6) Shields
 * Level 11.9(11.5) Spellcasting
 - Level 12.6(12.1) Charms
 - Level 7.0(6.5) Translocations
 * Level 9.0(8.5) Air Magic
 O Level 27(26.3) Invocations
 - Level 12.2(11.7) Evocations


You had 31 spell levels left.
You knew the following spells:

 Your Spells              Type           Power        Failure   Level  Hunger
a - Blink                 Tloc           N/A          2%          2    None
b - Spectral Weapon       Hex/Chrm       ####....     5%          3    None
c - Silence               Hex/Air        ###.......   73%         5    #####..
d - Deflect Missiles      Chrm/Air       #####.....   45%         6    ######.
e - Passwall              Tmut/Erth      #.......     34%         2    None

Your spell library contained the following spells:

 Spells                   Type           Power        Failure   Level  Hunger
 Apportation              Tloc           ####..       1%          1    None
 Infusion                 Chrm           ####         1%          1    None
 Shroud of Golubria       Chrm/Tloc      #####.       1%          2    None
 Song of Slaying          Chrm           #####...     1%          2    None
 Swiftness                Chrm/Air       #####...     1%          2    None
 Shock                    Conj/Air       ###.         4%          1    None
 Gell's Gravitas          Tloc           ####......   4%          3    None
 Lesser Beckoning         Tloc           ####......   4%          3    None
 Teleport Other           Tloc           ####....     4%          3    None
 Ozocubu's Armour         Chrm/Ice       ####....     5%          3    None
 Regeneration             Chrm/Necr      ####......   5%          3    None
 Poisonous Vapours        Pois/Air       ###...       6%          2    None
 Airstrike                Air            #####.....   7%          4    ###....
 Static Discharge         Conj/Air       ###.....     12%         3    None
 Portal Projectile        Hex/Tloc       ###...       19%         3    None
 Recall                   Summ/Tloc      N/A          19%         3    None
 Animate Skeleton         Necr           N/A          22%         1    None
 Beastly Appendage        Tmut           #.....       22%         1    None
 Confusing Touch          Hex            #.....       22%         1    None
 Corona                   Hex            #......      22%         1    None
 Flame Tongue             Conj/Fire      #....        22%         1    None
 Freeze                   Ice            #...         22%         1    None
 Magic Dart               Conj           #...         22%         1    None
 Sting                    Conj/Pois      #...         22%         1    None
 Summon Butterflies       Summ           #.......     22%         1    None
 Mephitic Cloud           Conj/Pois/Air  ###.....     22%         3    None
 Call Imp                 Summ           #.......     34%         2    None
 Corpse Rot               Necr           N/A          34%         2    None
 Ensorcelled Hibernation  Hex/Ice        #.....       34%         2    None
 Searing Ray              Conj           #.....       34%         2    None
 Slow                     Hex            #.......     34%         2    None
 Sticks to Snakes         Tmut           #.......     34%         2    None
 Sublimation of Blood     Necr           #.........   34%         2    None
 Throw Frost              Conj/Ice       #.....       34%         2    None
 Summon Lightning Spire   Summ/Air       ###.....     36%         4    ###....
 Excruciating Wounds      Chrm/Necr      ####......   45%         5    #####..
 Iskenderun's Battlesphe  Conj/Chrm      ####....     45%         5    #####..
 Force Lance              Conj/Tloc      ###.....     52%         4    ###....
 Call Canine Familiar     Summ           #.......     56%         3    None
 Confuse                  Hex            #.......     56%         3    None
 Conjure Flame            Conj/Fire      #.......     56%         3    None
 Dazzling Spray           Conj/Hex       #.....       56%         3    None
 Ignite Poison            Fire/Tmut/Pois #.......     56%         3    None
 Inner Flame              Hex/Fire       #.......     56%         3    None
 Spider Form              Tmut/Pois      #.........   56%         3    None
 Stone Arrow              Conj/Erth      #.....       56%         3    None
 Tukima's Dance           Hex            #.......     56%         3    None
 Lightning Bolt           Conj/Air       ###.......   73%         5    #####..
 Cause Fear               Hex            #.........   92%         4    ###....
 Fulminant Prism          Conj/Hex       #.........   92%         4    ###....
 Ice Form                 Ice/Tmut       #.......     92%         4    ###....
 Iskenderun's Mystic Bla  Conj           #.......     92%         4    ###....
 Leda's Liquefaction      Hex/Erth       #.........   92%         4    ###....
 Petrify                  Tmut/Erth      #.......     92%         4    ###....
 Sticky Flame             Conj/Fire      #.......     92%         4    ###....
 Summon Ice Beast         Ice/Summ       #.......     92%         4    ###....
 Throw Icicle             Conj/Ice       #.......     92%         4    ###....
 Alistair's Intoxication  Tmut/Pois      #.......     99%         5    #####..
 Aura of Abjuration       Summ           #.........   99%         5    #####..
 Blade Hands              Tmut           #.........   99%         5    #####..
 Bolt of Magma            Conj/Fire/Erth #.........   99%         5    #####..
 Metabolic Englaciation   Hex/Ice        #.........   99%         5    #####..
 Summon Demon             Summ           #.........   99%         5    #####..
 Summon Mana Viper        Hex/Summ       #.......     99%         5    #####..
 Venom Bolt               Conj/Pois      #.........   99%         5    #####..
 Yara's Violent Unravell  Hex/Tmut       #.........   99%         5    #####..
 Conjure Ball Lightning   Conj/Air       ###.......   99%         6    ######.
 Bolt of Cold             Conj/Ice       #.........   100%        6    ######.
 Death Channel            Necr           #.........   100%        6    ######.
 Freezing Cloud           Conj/Ice/Air   ###.......   100%        6    ######.
 Iron Shot                Conj/Erth      #.........   100%        6    ######.
 Ozocubu's Refrigeration  Ice            #.........   100%        6    ######.
 Simulacrum               Ice/Necr       #.........   100%        6    ######.
 Statue Form              Tmut/Erth      #........    100%        6    ######.
 Haunt                    Necr/Summ      #.........   100%        7    #######
 Malign Gateway           Summ/Tloc      ###.......   100%        7    #######
 Orb of Destruction       Conj           #.........   100%        7    #######
 Ring of Flames           Chrm/Fire      ####......   100%        7    #######
 Spellforged Servitor     Conj/Summ      #.........   100%        7    #######
 Summon Hydra             Summ           #.........   100%        7    #######
 Borgnjor's Revivificati  Necr           #.........   100%        8    #######
 Controlled Blink         Tloc           N/A          100%        8    #######
 Death's Door             Chrm/Necr      ####......   100%        8    #######
 Ignition                 Fire           #.........   100%        8    #######
 Infestation              Necr           #.........   100%        8    #######
 Necromutation            Tmut/Necr      #.........   100%        8    #######
 Shatter                  Erth           #.........   100%        9    #######
 Tornado                  Air            #####.....   100%        9    #######


Dungeon Overview and Level Annotations

Branches:
Dungeon (15/15)            Temple (1/1) D:5            Lair (6/6) D:10
 Shoals (4/4) Lair:2        Snake (4/4) Lair:3        Slime (5/5) Lair:6
    Orc (2/2) D:10            Elf (3/3) Orc:2        Vaults (5/5) D:13
  Crypt (3/3) Vaults:2       Tomb (0/3) Crypt:3      Depths (5/5) D:15
    Zot (5/5) Depths:5

Altars:
Ashenzari
Cheibriados
Dithmenos
Elyvilon
Fedhas
Gozag
Hepliaklqana
Kikubaaqudgha
Makhleb
Nemelex Xobeh
Okawaru
Qazlal
Ru
Sif Muna
Trog
Uskayaw
Vehumet
Wu Jian
Xom
Yredelemnul
Zin
The Shining One
Beogh
Jiyva

Shops:
D:7 (   D:8 }   D:10 *   D:11 ?   Orc:2 }!(}   Elf:1 :   Elf:3 *   Shoals:2 *[
Snake:3 *   Snake:4 %   Vaults:1 [[?}   Depths:4 ?

Portals:
Hell: Depths:1 Depths:2 Depths:3 Depths:4 Depths:5
Abyss: Depths:4
Pandemonium: Depths:1 Depths:5
Ziggurat: Depths:3

Annotations:
D:12 Zot or Extended
Lair:3 exclusion: 3 oklob plants
Lair:6 Check the upper
Snake:2 1 runed translucent door, Pixzeollu's ghost, adept MiFi
Slime:5 Slime, Zot, Consider Extended or 5 runes.
Elf:2 3 runed translucent doors
Depths:2 2 runed translucent doors
Depths:4 2 transporters, exclusion: orange crystal statue
Zot:4 2 transporters, Kejih's ghost, legendary NaHu


Innate Abilities, Weirdness & Mutations

You have a pair of small horns on your head.
You are surrounded by a mild repulsion field. (EV +2)
You have supernaturally acute eyesight. (SInv)
You tend to lose your temper in combat.
You are clumsy. (Dex -2)
Your body sometimes deteriorates upon taking damage.
You are frail. (-10% HP)
You do not regenerate when monsters are visible.
You are occasionally teleported next to monsters.
You are weak. (Str -2)
Potions are less effective at restoring your health.


Message History

The Orb Guardian hits you.
* * * LOW HITPOINT WARNING * * *
The purple draconian hits you but does no damage.
The Orb Guardian closely misses you.
Unknown command.
Your blink will be uncontrolled - continue anyway?
The Orb prevents control of your translocation!
You blink.
As you read the scroll of blinking, it crumbles to dust.
The purple draconian is no longer covered in acid.
The orb of fire glows deep purple.
The bolt of fire misses you.
The red draconian shifter gestures wildly while chanting.
The purple draconian scorcher blinks!
The purple draconian blinks!
The Killer Klown blinks!
The Orb Guardian blinks!
The yellow draconian blinks!
The Orb Guardian blinks!
The green draconian blinks!
The Orb Guardian barely misses you.
The Killer Klown blinks!
The yellow draconian hits you but does no damage.
The Orb Guardian hits you!!
You die...

#.........(.#.
#.............
#......#.##.#.
###########.#.
.........##
###############▓▓▓▓####
^.............##
......X§d.XX...##
......q@Xd§§§..^##
......Xdd..§§q...#
..........*.p....#
.........qD.§....#
.................#
.......§.........#
.................#
......d.........##
..............##


You could see an orb of fire, a Killer Klown, a golden dragon, 3 draconians, a
green draconian, a purple draconian, a red draconian shifter, 5 Orb Guardians
and a purple draconian scorcher.

Vanquished Creatures
  the Royal Jelly (Slime:5)
  Dissolution (Slime:4)
  4 ancient liches
  An orb of fire (Zot:1)
  Tiamat (Zot:3)
  Mennas (Vaults:2)
  3 juggernauts
  The ghost of Quasyips the Hoplite, a veteran MiFi of Okawaru (Depths:4)
  Sojobo (Vaults:3)
  Margery (Vaults:3)
  Frederick (Depths:4)
  A Killer Klown (Zot:4)
  Vashnia (Snake:4)
  Saint Roka (Vaults:4)
  A curse toe (Zot:3)
  Nikola (Snake:4)
  2 profane servitors
  8 golden dragons
  A bone dragon (Crypt:3)
  A hellephant (Abyss:5)
  Jorgrun (Snake:3)
  5 Orb Guardians (Zot:5)
  Rupert (Lair:5)
  19 tentacled monstrosities
  3 deep elf blademasters (Elf:3)
  2 deep elf master archers (Elf:3)
  Asterion (Snake:3)
  6 titans
  8 liches
  8 tentacled starspawn
  20 acid blobs
  5 death cobs
  3 quicksilver dragons
  7 sphinxes
  Agnes (D:14)
  10 azure jellies
  12 shadow dragons
  7 nagarajas (Snake:4)
  11 tengu reavers
  6 iron dragons
  A revenant (Crypt:2)
  Kirke (Lair:5)
  17 fire giants
  7 draconian monks
  15 storm dragons
  24 frost giants
  2 draconian scorchers (Zot:3)
  5 ghost moths
  3 imperial myrmidons (Desolation)
  Aizul (Snake:3)
  9 deep elf sorcerers
  3 draconian knights (Zot:4)
  3 draconian annihilators
  4 draconian shifters
  5 curse skulls
  9 vault wardens
  4 spriggan defenders (Depths:3)
  4 war gargoyles (Vaults:5)
  12 ghouls
  A draconian stormcaller (Zot:4)
  6 deep elf elementalists
  27 very ugly things
  An ophan (Abyss:4)
  11 ironheart preservers
  5 deep elf demonologists
  23 stone giants
  Nessos (D:14)
  4 entropy weavers
  9 green draconians
  6 vampire knights
  9 yellow draconians
  9 deep elf annihilators
  A minotaur (Gauntlet)
  7 red draconians
  8 black draconians
  5 purple draconians
  8 white draconians
  A spark wasp (Depths:2)
  18 ettins
  Snorg (Lair:3)
  A dire elephant (shapeshifter) (D:15)
  A crystal guardian (Desolation)
  2 merfolk javelineers
  13 fire dragons
  10 jiangshi
  A mummy priest (Crypt:3)
  6 death oozes
  5 deep elf death magi
  8 eidola
  The ghost of Inquire the Cleaver, a journeyman DDGl of Makhleb (D:12)
  3 ragged hierophants (Desolation)
  A fire dragon (shapeshifter) (Elf:1)
  7 deep elf high priests
  29 vault guards
  A green death (Depths:5)
  Josephine (D:11)
  15 great orbs of eyes
  4 merfolk impalers (Shoals:4)
  13 naga warriors
  6 hydras
  3 servants of whispers
  21 yaktaur captains
  Erolcha (Orc:2)
  6 rakshasas
  2 merfolk avatars (Shoals:3)
  13 ice dragons
  A peacekeeper (Desolation)
  A catoblepas (Lair:6)
  4 alligator snapping turtles
  12 centaur warriors
  3 spriggan air magi (Depths:2)
  A shambling mangrove (Abyss:3)
  6 death knights
  2 anacondas
  Erica (D:9)
  2 satyrs
  A satyr (shapeshifter) (Vaults:5)
  50 two-headed ogres
  13 death yaks
  19 deep troll shamans
  13 dancing weapons
  9 tengu warriors
  9 shock serpents
  A two-headed ogre (shapeshifter) (Vaults:5)
  10 deep troll earth magi
  13 naga sharpshooters
  17 ogre magi
  3 titan zombies
  6 spriggan berserkers
  A soul eater (Crypt:1)
  19 thrashing horrors
  4 vampire magi
  13 large abominations
  A sun demon (Abyss:3)
  An iron troll (Depths:4)
  13 hell knights
  22 deep elf knights
  A fire crab (D:15)
  4 wretched stars
  2 sixfirhies
  10 small abominations
  A titan skeleton (Crypt:2)
  A salamander mystic (Depths:4)
  3 spatial maelstroms
  A death drake (Gauntlet)
  3 shadow wraiths
  25 deep trolls
  3 unseen horrors
  9 sea snakes
  A storm dragon skeleton (Crypt:1)
  8 wizards
  A spriggan druid (Depths:3)
  6 glowing orange brains
  23 skeletal warriors
  9 flayed ghosts
  A tengu zombie (Vaults:1)
  2 golden dragon zombies (Crypt:3)
  A swamp dragon (Lair:6)
  An unseen horror (shapeshifter) (Elf:3)
  14 ironbrand convokers
  5 naga ritualists
  20 phantasmal warriors
  18 deep elf archers
  2 shadow dragon zombies (Crypt:3)
  A golden dragon skeleton (Crypt:1)
  13 necromancers
  A sphinx zombie (Vaults:1)
  A wolf spider zombie (D:15)
  4 wolf spiders
  4 stone giant zombies (Crypt:3)
  A mana viper (shapeshifter) (Depths:2)
  8 mana vipers
  32 harpies
  15 orc knights
  A tengu skeleton (Vaults:5)
  10 orc sorcerers
  29 starcursed masses
  A salamander (shapeshifter) (Vaults:4)
  50 deep elf magi
  A fire giant zombie (Vaults:4)
  5 shining eyes
  A shining eye (shapeshifter) (Depths:2)
  An iron dragon zombie (Crypt:1)
  23 ugly things
  12 fauns
  A frost giant zombie (Vaults:5)
  A manticore (shapeshifter) (Depths:2)
  11 cyclopes
  14 manticores
  19 moths of wrath
  5 oklob plants (Lair:6)
  10 salamanders
  An elephant (shapeshifter) (Vaults:5)
  A dire elephant zombie (Crypt:2)
  3 spectral centaurs (Gauntlet)
  A guardian serpent (shapeshifter) (Vaults:1)
  Joseph (Lair:1)
  38 black mambas
  An alligator snapping turtle zombie (Crypt:2)
  11 elephants
  10 naga magi
  2 apocalypse crabs
  6 guardian serpents
  4 smoke demons
  3 water nymphs
  4 eyes of devastation
  2 frost giant skeletons
  A centaur skeleton (D:13)
  20 vault sentinels
  2 human skeletons (Vaults:4)
  6 merfolk sirens
  A spiny frog (shapeshifter) (Depths:1)
  3 orange demons
  5 spiny frogs
  A gargoyle (D:13)
  6 kobold demonologists
  A torpor snail (Lair:5)
  15 freezing wraiths
  6 efreet
  A yaktaur (shapeshifter) (Depths:2)
  2 rime drakes
  7 komodo dragons
  38 yaktaurs
  6 tengu conjurers
  2 ice devils (Depths:5)
  An alligator snapping turtle skeleton (Crypt:2)
  A guardian mummy (Crypt:3)
  A hydra zombie (Crypt:1)
  5 ancient zymes
  A red devil (Abyss:3)
  5 wind drakes
  5 trolls
  3 jumping spiders (Vaults:4)
  18 merfolk
  An iron troll skeleton (Crypt:2)
  5 polar bears (Lair:6)
  8 raiju
  A fire dragon zombie (Crypt:3)
  17 hornets
  21 saltlings
  A bog body (Crypt:2)
  A hippogriff (shapeshifter) (D:15)
  110 slime creatures
  5 dream sheep
  4 hippogriffs
  An ettin zombie (Crypt:3)
  13 blink frogs
  A harpy skeleton (Crypt:1)
  11 snapping turtles
  2 human simulacra
  A fire giant simulacrum (Vaults:2)
  17 wraiths
  A centaur simulacrum (Gauntlet)
  A black mamba zombie (Crypt:1)
  A fire dragon skeleton (Crypt:1)
  8 spriggans (Depths:3)
  7 water elementals
  2 air elementals
  25 flying skulls
  A redback (shapeshifter) (Depths:2)
  5 wyverns
  A spriggan (shapeshifter) (D:12)
  A tarantella (shapeshifter) (Depths:1)
  A dire elephant simulacrum (Crypt:2)
  6 redbacks (Vaults:4)
  A vampire (D:14)
  3 shadows
  A golden eye (shapeshifter) (Vaults:1)
  30 yaks
  2 ynoxinuls (Abyss:3)
  3 basilisks
  2 fire bats (Elf:3)
  6 golden eyes
  A fire elemental (Elf:3)
  3 vampire mosquitoes (D:15)
  A hungry ghost (D:9)
  4 neqoxecs
  A chaos spawn (Abyss:4)
  4 spatial vortices
  An insubstantial wisp (Abyss:3)
  10 wargs
  58 nagas
  5 acid dragons
  A soldier ant (D:15)
  22 water moccasins
  13 hell hounds (Lair:6)
  8 porcupines
  A floating eye (Depths:2)
  A deep troll skeleton (Vaults:5)
  44 orc warriors
  8 sky beasts
  2 eyes of draining (Slime:2)
  3 ice beasts
  9 black bears
  A snapping turtle zombie (Crypt:2)
  2 phantoms
  18 necrophages
  25 wolves
  25 boggarts
  An ice dragon simulacrum (Crypt:1)
  A tengu (shapeshifter) (Depths:2)
  An ogre (shapeshifter) (Depths:3)
  35 ogres
  9 centaurs
  An elephant zombie (Crypt:1)
  10 crocodiles
  24 big kobolds
  16 bullfrogs
  5 earth elementals
  An elf simulacrum (Vaults:1)
  A hippogriff skeleton (Crypt:1)
  A hornet simulacrum (Gauntlet)
  7 wyvern skeletons
  7 scorpions
  4 killer bees
  3 howler monkeys
  18 wights
  7 electric eels
  7 crimson imps
  2 centaur zombies
  5 quasits
  5 hounds
  3 jellies
  2 wyvern simulacra (Gauntlet)
  A bullfrog zombie (D:12)
  A demonspawn zombie (Crypt:2)
  15 orc priests
  A bullfrog skeleton (D:7)
  An iron imp (Depths:5)
  Jessica (D:2)
  3 iguanas
  Natasha (thrice) (D:4)
  29 orc wizards
  9 worker ants
  A killer bee zombie (D:8)
  An ogre zombie (Crypt:2)
  A naga zombie (Crypt:1)
  2 mummies (Crypt:3)
  2 hound skeletons
  Robin (D:2)
  2 worker ant zombies
  2 howler monkey skeletons
  3 gnolls (D:10)
  23 adders
  2 shadow imps
  2 white imps (Depths:5)
  An ufetubus (Depths:5)
  2 oozes
  An adder zombie (D:5)
  2 worms
  2 dart slugs (D:3)
  3 leopard geckos
  87 orcs
  8 giant cockroaches
  2 gnoll zombies (D:6)
  18 goblins
  5 hobgoblins
  7 jackals (D:1)
  7 quokkas
  A ball python (D:1)
  5 bats (D:1)
  8 frilled lizards
  A hobgoblin skeleton (Crypt:1)
  33 kobolds
  A kobold skeleton (Crypt:2)
  A leopard gecko skeleton (D:4)
  A quokka skeleton (Crypt:1)
  7 rats
  A rat skeleton (Crypt:1)
  4 crawling corpses
  2 fungi
  6 plants
  4 starspawn tentacles
  3 withered plants (Crypt:3)
2709 creatures vanquished.

Vanquished Creatures (collateral kills)
  A curse toe (Zot:1)
  5 acid blobs
  2 tengu reavers (Vaults:3)
  Donald (Snake:3)
  6 azure jellies
  Louise (D:14)
  2 vault wardens (Vaults:5)
  An imperial myrmidon (Desolation)
  A draconian annihilator (Zot:3)
  2 stone giants
  A black draconian (Zot:3)
  A vampire knight (Depths:3)
  2 purple draconians
  A crystal guardian (Desolation)
  A merfolk impaler (Shoals:2)
  A ragged hierophant (Desolation)
  3 peacekeepers (Desolation)
  3 servants of whispers (Desolation)
  2 vault guards (Vaults:3)
  6 hydras
  A catoblepas (D:15)
  An alligator snapping turtle (shapeshifter) (Depths:4)
  A naga warrior (Snake:3)
  An anaconda (Snake:3)
  4 death knights
  3 merfolk aquamancers (Shoals:4)
  A two-headed ogre (Vaults:3)
  A dancing weapon (Elf:1)
  2 deep troll earth magi
  A thrashing horror (Abyss:3)
  Urug (Lair:6)
  A naga sharpshooter (Snake:3)
  A shock serpent (Snake:3)
  A deep elf knight (Elf:1)
  4 hell knights
  3 sea snakes (Shoals:2)
  2 naga ritualists
  An anaconda zombie (Crypt:3)
  2 wizards
  2 spriggan druids (Depths:3)
  A glowing orange brain (Slime:5)
  2 deep elf archers (Vaults:4)
  A phantasmal warrior (D:15)
  5 orc knights
  An ironbrand convoker (Desolation)
  2 mana vipers
  An orc sorcerer (Orc:2)
  A shining eye (Slime:5)
  6 manticores
  2 fauns (Shoals:2)
  3 black mambas
  A vault sentinel (Vaults:2)
  2 naga magi
  2 gargoyles (D:15)
  3 guardian serpents
  A rime drake (Lair:6)
  A freezing wraith (Crypt:1)
  3 yaktaurs
  4 polar bears (Lair:6)
  3 merfolk (Shoals:2)
  A wind drake (Shoals:2)
  A hornet (Depths:3)
  10 saltlings
  4 dream sheep
  8 slime creatures
  A snapping turtle (Shoals:4)
  A centaur simulacrum (D:15)
  A spriggan (Depths:3)
  A water elemental (Shoals:4)
  2 basilisks
  3 yaks
  2 golden eyes (Slime:5)
  2 wargs
  4 nagas
  3 acid dragons (Lair:6)
  A hell hound (Lair:6)
  A water moccasin (Lair:6)
  An ice beast (D:15)
  A snapping turtle zombie (Crypt:3)
  6 orc warriors
  4 black bears (Lair:6)
  2 eyes of draining
  A swamp drake (Lair:6)
  6 ogres
  2 wolves (Lair:6)
  3 crocodiles
  A bullfrog (D:15)
  2 wights
  2 crimson imps
  A hound (D:14)
  An iguana (Lair:6)
  7 orc wizards
  5 orcs
  A fungus (D:15)
214 creatures vanquished.

Vanquished Creatures (others)
  Bai Suzhen (Vaults:2)
  A tengu reaver (Depths:2)
  2 fire giants
  A deep elf sorcerer (Elf:3)
  A stone giant (Vaults:5)
  A deep elf high priest (Elf:3)
  2 ogre magi
  A two-headed ogre (Vaults:3)
  2 thrashing horrors (Abyss:3)
  2 naga sharpshooters (Snake:4)
  A shock serpent (Snake:3)
  A deep elf knight (Vaults:4)
  2 unseen horrors
  A necromancer (Crypt:1)
  2 deep elf magi
  A gargoyle (D:15)
  2 yaktaurs
  A saltling (Desolation)
  5 dream sheep (Lair:4)
  A raiju (shapeshifter) (Depths:3)
  3 humans (Lair:5)
  A sky beast (shapeshifter) (Vaults:5)
  A boggart (Depths:4)
  2 ogres (Vaults:3)
  A quasit (Abyss:4)
  2 orc wizards
  A shadow imp (Depths:5)
  An orc (Orc:2)
  6 fungi
  33 plants
  24 starspawn tentacles
  18 withered plants (Crypt:3)
124 creatures vanquished.

Grand Total: 3047 creatures vanquished

Notes
Turn   | Place    | Note
-------+----------+-------------------------------------------
     0 | D:1      | Inquire the Hill Orc Monk began the quest for the Orb.
     0 | D:1      | Reached XP level 1. HP: 19/19 MP: 1/1
    31 | D:1      | Reached XP level 2. HP: 22/27 MP: 2/2
   536 | D:1      | Reached XP level 3. HP: 24/33 MP: 3/3
   786 | D:2      | Reached skill level 5 in Axes
   822 | D:2      | Noticed Robin
   853 | D:2      | Killed Robin
   853 | D:2      | Reached XP level 4. HP: 27/40 MP: 4/4
  1021 | D:2      | Noticed Jessica
  1214 | D:2      | Killed Jessica
  1233 | D:2      | Reached XP level 5. HP: 34/47 MP: 5/5
  1911 | D:3      | Reached skill level 5 in Fighting
  1911 | D:3      | Reached XP level 6. HP: 24/56 MP: 6/6
  2656 | D:4      | Noticed a sky beast
  2660 | D:4      | Killed a sky beast
  2753 | D:4      | Reached XP level 7. HP: 56/61 MP: 7/7
  2889 | D:4      | Noticed Natasha
  2897 | D:4      | Killed Natasha
  3038 | D:4      | Got a distressingly furry scale mail
  3039 | D:4      | Identified the +9 scale mail of the Vanishing Deaths {rN+
                  | MR- Stlth+} (You found it on level 4 of the Dungeon)
  3149 | D:4      | Noticed Natasha
  3160 | D:4      | Killed Natasha
  3287 | D:4      | Noticed Natasha
  3295 | D:4      | Killed Natasha
  3318 | D:5      | Entered Level 5 of the Dungeon
  3354 | D:5      | Reached skill level 1 in Armour
  3433 | D:5      | Found a staircase to the Ecumenical Temple.
  3463 | Temple   | Entered the Ecumenical Temple
  3580 | Temple   | Became a worshipper of Makhleb the Destroyer
  3580 | Temple   | Reached * piety under Makhleb
  3580 | Temple   | Reached ** piety under Makhleb
  3915 | D:5      | Found a stormy altar of Qazlal.
  4055 | D:5      | Reached skill level 1 in Invocations
  4097 | D:5      | Found a white marble altar of Elyvilon.
  4501 | D:6      | Reached XP level 8. HP: 70/70 MP: 9/9
  4541 | D:6      | Found an iron altar of Okawaru.
  4809 | D:6      | Found a basalt altar of Yredelemnul.
  4930 | D:7      | Got a polished cloak
  4936 | D:7      | Identified the cursed +0 cloak of Seruiss {rPois Str-5
                  | Int+3 Dex+8} (You found it on level 7 of the Dungeon)
  4976 | D:7      | Found Foka's Antique Weapon Emporium.
  5036 | D:7      | Reached skill level 5 in Invocations
  5106 | D:7      | Reached skill level 10 in Axes
  5155 | D:7      | Reached XP level 9. HP: 79/79 MP: 13/13
  5369 | D:7      | Killed an unseen horror
  5379 | D:7      | Noticed a purple ugly thing
  5381 | D:7      | Noticed a cyclops
  5406 | D:7      | Killed a purple ugly thing
  5494 | D:7      | Bought a polished morningstar for 252 gold pieces
  5494 | D:7      | Identified the cursed +3 morningstar of Certain Death
                  | {crush, rPois rF+ Stlth+} (You bought it in a shop on level
                  | 7 of the Dungeon)
  5982 | D:7      | Reached *** piety under Makhleb
  5989 | D:7      | Killed a cyclops
  5989 | D:7      | Reached XP level 10. HP: 54/90 MP: 15/17
  6408 | D:8      | Found Gouptas's Gadget Boutique.
  6493 | D:8      | Reached skill level 10 in Invocations
  6899 | D:8      | Bought a wand of acid (6) for 220 gold pieces
  6913 | D:9      | Noticed Erica
  6957 | D:9      | Killed Erica
  6970 | D:9      | Noticed a manticore
  7090 | D:9      | Noticed a manticore
  7104 | D:9      | Killed a manticore
  7109 | D:9      | Reached skill level 10 in Fighting
  7369 | D:9      | Reached **** piety under Makhleb
  7376 | D:9      | Found a snail-covered altar of Cheibriados.
  7461 | D:9      | Reached XP level 11. HP: 92/99 MP: 18/18
  7684 | D:9      | Killed a manticore
  7884 | D:9      | Found a blossoming altar of Fedhas.
  8203 | D:10     | Entered Level 10 of the Dungeon
  8254 | D:10     | Reached skill level 15 in Axes
  8586 | D:10     | Found a staircase to the Orcish Mines.
  8620 | D:10     | Found Vigeat's Assorted Antiques.
  8642 | D:10     | Found a staircase to the Lair.
  9587 | D:11     | Found Ziunwub's Magic Scroll Boutique.
  9659 | D:11     | Noticed a sun demon
  9704 | D:11     | Reached ***** piety under Makhleb
  9798 | D:11     | Killed an unseen horror
  9903 | D:11     | Noticed Josephine
  9931 | D:11     | Killed Josephine
 10111 | Lair:1   | Entered Level 1 of the Lair of Beasts
 10113 | Lair:1   | Noticed Joseph
 10116 | Lair:1   | Reached XP level 12. HP: 112/112 MP: 19/19
 10138 | Lair:1   | Killed Joseph
 10182 | Lair:1   | Reached skill level 5 in Armour
 10182 | Lair:1   | Reached XP level 13. HP: 122/122 MP: 20/20
 11174 | Lair:2   | Found a staircase to the Shoals.
 11623 | Lair:2   | Found the +8 whip "Snakebite" {curare, rPois}
 11917 | Lair:3   | Reached skill level 5 in Dodging
 12331 | Lair:3   | Found a staircase to the Snake Pit.
 12522 | Lair:3   | Noticed Snorg
 12534 | Lair:3   | Killed Snorg
 12535 | Lair:3   | Reached ****** piety under Makhleb
 12940 | Lair:4   | Reached XP level 14. HP: 80/131 MP: 22/22
 13152 | Lair:4   | Found a shimmering altar of Xom.
 14202 | Lair:5   | Noticed Kirke
 14237 | Lair:5   | Killed Kirke
 14376 | Lair:5   | Reached skill level 15 in Fighting
 14503 | Lair:5   | You fall into a shaft and drop 1 floor!
 14503 | Lair:6   | Entered Level 6 of the Lair of Beasts
 14825 | Lair:6   | Identified a scroll of acquirement
 14973 | Lair:6   | Noticed Urug
 14992 | Lair:6   | Killed Urug
 14992 | Lair:6   | Reached skill level 1 in Long Blades
 15119 | Lair:6   | Reached XP level 15. HP: 87/139 MP: 25/25
 15470 | Lair:6   | Reached skill level 5 in Long Blades
 15470 | Lair:6   | Reached skill level 15 in Invocations
 16247 | Lair:5   | Noticed Rupert
 16259 | Lair:5   | Killed Rupert
 16621 | Orc:1    | Entered Level 1 of the Orcish Mines
 16804 | Orc:2    | Entered Level 2 of the Orcish Mines
 16903 | Orc:2    | Found a staircase to the Elven Halls.
 17256 | Orc:2    | Found a radiant altar of Vehumet.
 17257 | Orc:2    | Noticed Erolcha
 17274 | Orc:2    | Killed Erolcha
 17275 | Orc:2    | Found Pesuehu's Gadget Shop.
 17295 | Orc:2    | Found an ancient bone altar of Kikubaaqudgha.
 17343 | Orc:2    | Found a roughly hewn altar of Beogh.
 17343 | Orc:2    | Found Penushure's Distillery.
 17345 | Orc:2    | Found Sioleugenk's Antique Weapon Shop.
 17354 | Orc:2    | Found Dougic's Gadget Boutique.
 17362 | Orc:2    | Bought a potion of heal wounds for 70 gold pieces
 17362 | Orc:2    | Bought a potion of curing for 42 gold pieces
 17362 | Orc:2    | Bought a potion of heal wounds for 70 gold pieces
 17362 | Orc:2    | Bought a potion of brilliance for 56 gold pieces
 17362 | Orc:2    | Bought 2 potions of might for 112 gold pieces
 17912 | D:12     | Reached skill level 10 in Long Blades
 18077 | D:12     | Found a runed translucent door.
 18081 | D:12     | Noticed Inquire's ghost (journeyman DDGl)
 18176 | D:12     | Killed Inquire's ghost
 18379 | D:13     | Reached skill level 10 in Armour
 18475 | D:13     | Found a gate to the Vaults.
 18882 | D:14     | Noticed Louise
 18902 | D:14     | Killed Louise
 18943 | D:14     | Noticed Nessos
 18965 | D:14     | Killed Nessos
 19000 | D:14     | Reached XP level 16. HP: 77/147 MP: 29/29
 19054 | D:14     | Found a gate leading to a gauntlet.
 19061 | Gauntlet | Entered a Gauntlet
 19061 | Gauntlet | Found a transporter.
 19061 | Gauntlet | Found a transporter.
 19160 | Gauntlet | Found a transporter.
 19164 | Gauntlet | Found a transporter.
 19172 | Gauntlet | Found a transporter.
 19176 | Gauntlet | Found a transporter.
 19184 | Gauntlet | Found a transporter.
 19200 | Gauntlet | Found a transporter.
 19215 | Gauntlet | Found a transporter.
 19218 | Gauntlet | Found a transporter.
 19230 | Gauntlet | Found a transporter.
 19230 | Gauntlet | Found a transporter.
 19424 | Gauntlet | Identified the Catalogue of the Arcane
 19637 | Gauntlet | Got a scorched lead ring
 19640 | Gauntlet | Identified the ring of Zecybaw {rN+ Str+3} (You found it in
                  | a Gauntlet)
 19732 | Gauntlet | Identified the +5 scimitar "Stringbean" {freeze, -Tele
                  | +Rage rPois rF-}
 19918 | D:14     | Noticed Agnes
 19926 | D:14     | Killed Agnes
 20515 | D:15     | Entered Level 15 of the Dungeon
 20528 | D:15     | Paralysed by an ogre mage for 5 turns
 20755 | D:15     | Found a staircase to the Depths.
 20841 | D:15     | Found an opulent altar of Gozag.
 20842 | D:15     | Found a deep blue altar of Sif Muna.
 20842 | D:15     | Found a radiant altar of Vehumet.
 21136 | D:15     | Identified the +4 scale mail of Dim Light {Dex+3 SInv}
 21647 | D:15     | Reached skill level 15 in Armour
 21665 | D:15     | Noticed a quicksilver dragon
 21742 | D:15     | Noticed a tengu reaver
 21759 | D:15     | Killed a tengu reaver
 21841 | D:15     | Reached XP level 17. HP: 154/156 MP: 31/31
 21990 | D:15     | Identified the Handbook of Lucky Poison
 22261 | D:12     | Reached skill level 1 in Slings
 22306 | D:12     | Reached skill level 1 in Shields
 22475 | D:12     | Found a runed translucent door.
 23280 | D:12     | Got a steaming leather armour
 23281 | D:12     | Identified the cursed +1 leather armour of Tender Moments
                  | {MR- Dex+7} (You found it on level 12 of the Dungeon)
 23393 | D:11     | Bought a scroll of teleportation for 39 gold pieces
 23393 | D:11     | Bought a scroll of blinking for 97 gold pieces
 23393 | D:11     | Bought a scroll of enchant armour for 97 gold pieces
 23393 | D:11     | Bought a scroll of teleportation for 39 gold pieces
 23393 | D:11     | Bought a scroll of enchant weapon for 97 gold pieces
 23393 | D:11     | Bought a scroll of enchant armour for 97 gold pieces
 23393 | D:11     | Bought a scroll of magic mapping for 45 gold pieces
 23501 | D:10     | Bought a potion of curing for 87 gold pieces
 23501 | D:10     | Bought a scroll of fog for 58 gold pieces
 23604 | Orc:2    | Bought a potion of curing for 42 gold pieces
 23604 | Orc:2    | Bought a potion of mutation for 112 gold pieces
 23604 | Orc:2    | Bought a potion of mutation for 112 gold pieces
 23718 | Elf:1    | Entered Level 1 of the Elven Halls
 23850 | Elf:1    | Found Zeog's Book Boutique.
 23893 | Elf:1    | Reached skill level 5 in Slings
 24105 | Elf:1    | Reached skill level 5 in Shields
 25010 | Elf:2    | Reached skill level 10 in Slings
 25154 | Elf:2    | Reached XP level 18. HP: 131/168 MP: 32/32
 25383 | Elf:2    | Found a runed translucent gate.
 25385 | Elf:2    | Found a runed translucent gate.
 25388 | Elf:2    | Found a runed translucent gate.
 25420 | Elf:3    | Entered Level 3 of the Elven Halls
 25443 | Elf:3    | Found Gabruowu's Food Emporium.
 25462 | Elf:3    | Bought a ration for 60 gold pieces
 25462 | Elf:3    | Bought a ration for 60 gold pieces
 25462 | Elf:3    | Bought a ration for 60 gold pieces
 25462 | Elf:3    | Bought a ration for 60 gold pieces
 25462 | Elf:3    | Bought a ration for 60 gold pieces
 25462 | Elf:3    | Bought a ration for 60 gold pieces
 25462 | Elf:3    | Bought a ration for 60 gold pieces
 25462 | Elf:3    | Bought a ration for 60 gold pieces
 25534 | Elf:3    | Found Wesmiall's Elven Fire.
 25549 | Elf:3    | Bought a +2 buckler of fire resistance for 279 gold pieces
 25653 | Elf:3    | Found the amulet of Vitality {Regen+ HP+15}
 25937 | Snake:1  | Entered Level 1 of the Snake Pit
 26075 | Snake:1  | Got a distressingly furry leather armour
 26076 | Snake:1  | Identified the +0 leather armour of Pitidef {*Contam rCorr
                  | Str-3 SInv} (You found it on level 1 of the Snake Pit)
 27048 | Snake:2  | Found a hazy altar of Hepliaklqana.
 27434 | Snake:2  | Found a runed translucent door.
 27435 | Snake:2  | Noticed Pixzeollu's ghost (adept MiFi)
 27532 | Snake:3  | Noticed Aizul
 27564 | Snake:3  | Killed Aizul
 27882 | Snake:3  | Noticed Donald
 27888 | Snake:3  | Noticed Jorgrun
 27894 | Snake:3  | Killed Donald
 27898 | Snake:3  | Killed Jorgrun
 28184 | Snake:3  | Found Xeifon's Assorted Antiques.
 28189 | Snake:3  | Bought a scroll labeled ISEWOG ATUHO for 35 gold pieces
 28189 | Snake:3  | Bought 2 potions of curing for 210 gold pieces
 28207 | Snake:3  | Noticed Asterion
 28419 | Snake:4  | Entered Level 4 of the Snake Pit
 28847 | Snake:4  | Found Kijoroeck's Food Boutique.
 28856 | Snake:4  | Noticed Nikola
 29193 | Snake:4  | Reached XP level 19. HP: 179/179 MP: 33/33
 29310 | Shoals:1 | Entered Level 1 of the Shoals
 30107 | Shoals:2 | Found Cifida's Antique Armour Shop.
 30195 | Shoals:2 | Found Nammim's Mass Market.
 31313 | Shoals:4 | Entered Level 4 of the Shoals
 31933 | Shoals:4 | Identified the cursed +2 eveningstar "Utops" {elec, *Noise
                  | rElec rPois Int+7} (You found it on level 4 of the Shoals)
 32189 | Shoals:4 | Got a barnacled rune of Zot
 32602 | Shoals:4 | Learned a level 2 spell: Blink
 32788 | Snake:4  | Noticed Vashnia
 32983 | Snake:3  | Killed Asterion
 33179 | Vaults:1 | Entered Level 1 of the Vaults
 33270 | Vaults:1 | Reached skill level 1 in Spellcasting
 33522 | Vaults:1 | Found Kytsaps's Antique Armour Shop.
 33547 | Vaults:1 | Found Felyos's Magic Scroll Boutique.
 33550 | Vaults:1 | Bought a scroll of teleportation for 54 gold pieces
 33550 | Vaults:1 | Bought a scroll of blinking for 135 gold pieces
 33550 | Vaults:1 | Bought a scroll of blinking for 135 gold pieces
 33550 | Vaults:1 | Bought a scroll of teleportation for 54 gold pieces
 33550 | Vaults:1 | Bought a scroll of enchant weapon for 135 gold pieces
 33580 | Vaults:1 | Reached XP level 20. HP: 191/191 MP: 34/34
 34488 | Vaults:1 | Found Juoly's Gadget Shop.
 34517 | Vaults:1 | Found Deupu's Antique Armour Emporium.
 35008 | Vaults:2 | Noticed Bai Suzhen
 35031 | Vaults:2 | Killed Bai Suzhen
 35177 | Vaults:2 | Noticed Mennas
 35673 | Vaults:3 | Reached skill level 5 in Spellcasting
 35693 | Vaults:3 | Noticed Sojobo
 35822 | Vaults:3 | Killed Sojobo
 35968 | Vaults:3 | Noticed Margery
 35978 | Vaults:3 | Reached XP level 21. HP: 161/202 MP: 36/36
 35991 | Vaults:3 | Killed Margery
 36794 | Vaults:4 | Paralysed by a floating eye for 3 turns
 36800 | Vaults:4 | Paralysed by a floating eye for 3 turns
 37134 | Vaults:4 | Found a ruined gateway.
 37233 | Desolati | Entered the Desolation of Salt
 37653 | Desolati | Identified Sif Muna's Collected Works on Creative Good Luck
 37659 | Desolati | Identified the Collected Works on the Birds and Malediction
 37703 | Desolati | Found the +8 arc blade {discharge, rElec}
 37704 | Desolati | Identified the Reference Book on Dark Rituals and
                  | Conjuration
 37716 | Desolati | Got a twitching ivory ring
 37967 | Desolati | Identified the ring "Nowugugo" {*Corrode rPois MR+ Int+3}
                  | (You found it in the Desolation of Salt)
 38216 | Vaults:4 | Reached XP level 22. HP: 185/213 MP: 38/38
 38454 | Vaults:4 | Noticed Saint Roka
 38484 | Vaults:4 | Killed Saint Roka
 39028 | Vaults:2 | Killed Mennas
 39353 | Vaults:2 | Found a staircase to the Crypt.
 39634 | Crypt:1  | Entered Level 1 of the Crypt
 39764 | Crypt:1  | Reached skill level 1 in Polearms
 39860 | Crypt:1  | Found the +3 giant club "Skullcrusher" {speed, Str+7}
 40366 | Crypt:3  | Entered Level 3 of the Crypt
 40430 | Crypt:2  | Paralysed by a vampire knight for 4 turns
 40606 | Crypt:2  | Reached skill level 5 in Polearms
 40790 | Crypt:2  | Identified the +9 rapier "Nygh" {drain, +Rage rElec Dex+6}
                  | (You found it on level 2 of the Crypt)
 41757 | Crypt:3  | Reached XP level 23. HP: 223/223 MP: 39/39
 41920 | Crypt:3  | Reached skill level 10 in Dodging
 43130 | Crypt:3  | Found a basalt altar of Yredelemnul.
 43522 | Crypt:3  | Gained mutation: Scrolls take you a little longer to read.
                  | [a neqoxec]
 43527 | Crypt:3  | Gained mutation: You are frail. (-10% HP) [a neqoxec]
 43899 | Crypt:3  | Found a staircase to the Tomb.
 44113 | Crypt:3  | Identified the Grimoire of Lucky Earth
 44189 | Crypt:1  | Reached skill level 10 in Polearms
 44870 | Crypt:1  | Reached skill level 1 in Translocations
 45921 | Depths:1 | Entered Level 1 of the Depths
 46127 | Depths:1 | Identified Fawaisoi's Reference Book on Good Luck
 46176 | Depths:1 | Found a gateway to Hell.
 46665 | Depths:1 | Found a one-way gate leading to the halls of Pandemonium.
 47067 | Depths:2 | Noticed a juggernaut
 47449 | Depths:2 | Reached XP level 24. HP: 63/209 MP: 39/39
 47467 | Depths:2 | You fall into a shaft and drop 2 floors!
 47730 | Depths:3 | Found a gateway to a ziggurat.
 47739 | Depths:3 | Reached skill level 5 in Translocations
 47874 | Depths:4 | Found a transporter.
 47876 | Depths:4 | Noticed a juggernaut
 47905 | Depths:4 | Found a transporter.
 48035 | Depths:4 | You fall into a shaft and drop 1 floor!
 48035 | Depths:5 | Entered Level 5 of the Depths
 48174 | Depths:4 | Found a runed translucent gate.
 48175 | Depths:4 | Found a runed translucent gate.
 48193 | Depths:4 | Found a runed translucent gate.
 48194 | Depths:4 | Identified the +8 battleaxe of the Imperium {protect,
                  | *Noise rPois Str+8 Int-5}
 48198 | Depths:4 | Noticed Quasyips's ghost (veteran MiFi)
 48205 | Depths:4 | Found Ybeomul's Magic Scroll Boutique.
 48205 | Depths:4 | Found a one-way gate to the infinite horrors of the Abyss.
 48213 | Depths:4 | Bought a scroll of fear for 70 gold pieces
 48213 | Depths:4 | Bought a scroll of fog for 40 gold pieces
 48213 | Depths:4 | Bought a scroll of fear for 70 gold pieces
 48213 | Depths:4 | Bought a scroll of teleportation for 60 gold pieces
 48213 | Depths:4 | Bought a scroll of magic mapping for 70 gold pieces
 48225 | Depths:4 | Lost mutation: You are frail. (-10% HP) [potion of
                  | mutation]
 48225 | Depths:4 | Lost mutation: Scrolls take you a little longer to read.
                  | [potion of mutation]
 48225 | Depths:4 | Gained mutation: You have a pair of small horns on your
                  | head. [potion of mutation]
 48225 | Depths:4 | Gained mutation: You are surrounded by a mild repulsion
                  | field. (EV +2) [potion of mutation]
 48955 | Depths:5 | Found a flickering gateway to a bazaar.
 48967 | Bazaar   | Entered a bazaar
 48970 | Bazaar   | Found Falen's Assorted Antiques.
 48975 | Bazaar   | Found Utaesaud's General Store.
 48976 | Bazaar   | Bought a slimy ring mail for 153 gold pieces
 48976 | Bazaar   | Bought a scroll of teleportation for 51 gold pieces
 48986 | Bazaar   | Found Cycwipp's Gadget Boutique.
 49000 | Bazaar   | Found Wahis's Weapon Emporium.
 49029 | Bazaar   | Bought a scroll of teleportation for 33 gold pieces
 49029 | Bazaar   | Bought a potion of heal wounds for 55 gold pieces
 49029 | Bazaar   | Bought a potion of heal wounds for 55 gold pieces
 49048 | Depths:5 | Identified the cursed +0 ring mail "Goboxty" {MP+9 Str+4
                  | Int+7} (You bought it in a shop in a bazaar)
 49245 | Depths:4 | Upgraded the game from 0.24-a0-484-g962a3eeff7 to
                  | 0.24-a0-487-g57318f2ed0
 49328 | Depths:5 | Found a gate to the Realm of Zot.
 49518 | Depths:5 | Found a shattered altar of Ashenzari.
 49689 | Depths:5 | Noticed a juggernaut
 49707 | Depths:5 | Killed a juggernaut
 50300 | Depths:3 | Reached XP level 25. HP: 104/243 MP: 39/39
 50757 | Depths:3 | Killed a juggernaut
 51109 | Depths:2 | Identified the +8 chain mail of Fent {rF+} (You found it on
                  | level 2 of the Depths)
 51344 | Depths:2 | Found a runed translucent door.
 51344 | Depths:2 | Found a runed translucent door.
 51479 | Depths:2 | Found an ornate altar of the Wu Jian Council.
 51479 | Depths:2 | Found a stormy altar of Qazlal.
 51501 | Depths:2 | Reached skill level 15 in Dodging
 51653 | Depths:2 | Found an ancient bone altar of Kikubaaqudgha.
 51654 | Depths:2 | Found a hide-covered altar of Uskayaw.
 52008 | Depths:2 | Noticed a juggernaut
 52030 | Depths:2 | Killed a juggernaut
 52165 | Depths:2 | Found a runed translucent door.
 52496 | Depths:2 | Reached XP level 26. HP: 214/254 MP: 39/39
 52768 | Depths:2 | Identified Sif Muna's Guide on the Mountains and the
                  | Entourage
 52799 | Depths:2 | Identified the Guide on Harmful Venom
 53082 | Depths:2 | Identified the cursed +1 ring mail "Xocribiugi" {rElec
                  | Regen+ Str-4 Int+7} (You found it on level 2 of the Depths)
 53160 | Depths:4 | Noticed Frederick
 53183 | Depths:4 | Killed Frederick
 53365 | Depths:4 | Killed Quasyips's ghost
 53626 | Depths:4 | Identified the +2 pair of boots of the Hart {rElec Slay+2}
                  | (You found it on level 4 of the Depths)
 53642 | Depths:4 | Identified the +0 pair of gloves of the Camelopard {rCorr
                  | Int+6 Stlth+} (You found it on level 4 of the Depths)
 54392 | Elf:3    | Reached skill level 1 in Maces & Flails
 54417 | Elf:3    | Cast into level 3 of the Abyss (a deep elf sorcerer)
 54417 | Abyss:3  | Found a corrupted altar of Lugonu.
 54515 | Abyss:3  | Found a corrupted altar of Lugonu.
 54620 | Abyss:3  | Found a corrupted altar of Lugonu.
 54631 | Abyss:3  | Reached skill level 5 in Maces & Flails
 54632 | Abyss:3  | Found a corrupted altar of Lugonu.
 55010 | Abyss:3  | Learned a level 3 spell: Spectral Weapon
 55280 | Abyss:3  | Got an abyssal rune of Zot
 55434 | Abyss:4  | Noticed an ancient lich
 55441 | Abyss:4  | Paralysed by an ancient lich for 4 turns
 55449 | Abyss:4  | Killed an ancient lich
 55449 | Abyss:4  | Reached skill level 10 in Maces & Flails
 55488 | Abyss:4  | Paralysed by accursed screaming for 1 turns
 55728 | Elf:3    | Escaped the Abyss
 55748 | Elf:3    | Reached XP level 27. HP: 229/261 MP: 34/39
 56014 | Elf:3    | Identified the +5 morningstar of Gloom {vamp, rN+}
 56018 | Elf:3    | Identified the +5 short sword of Qeataf {freeze, rC+}
 56030 | Elf:3    | Identified the +7 spear "Uzafixi" {elec, -Tele +Fly Str+2}
 56036 | Elf:3    | Identified the +9 morningstar of Intuition {crush, *Corrode
                  | +Blink rC+++ Str-4}
 56036 | Elf:3    | Identified the ring of Uptasiap {rC+ Str+4 Dex+5 SInv}
 56050 | Elf:3    | Identified the amulet of Orelibia {Faith Str+4}
 56164 | Elf:3    | Identified the +8 war axe of Blood-Lust {freeze, +Rage
                  | rN+++ MP+9 Int-3}
 56191 | Elf:3    | Identified the +12 morningstar of Dust {freeze, rF+ Str+2
                  | Dex+4}
 56232 | Elf:3    | Identified Dexam's Handbook of Displacement and Stones
 56235 | Elf:3    | Identified the Collected Works on Necromancy
 56237 | Elf:3    | Identified the Guide on Augmentations and Snow
 56245 | Elf:3    | Identified the +11 glaive "Zuann" {protect, rPois Int-4
                  | Dex+4} (You found it on level 3 of the Elven Halls)
 56365 | Elf:3    | Identified the +10 trident of Action {drain, Dex+4} (You
                  | found it on level 3 of the Elven Halls)
 56967 | Snake:4  | Killed Vashnia
 57159 | Snake:4  | Killed Nikola
 57570 | Snake:4  | Got a serpentine rune of Zot
 57954 | Vaults:5 | Entered Level 5 of the Vaults
 58016 | Vaults:5 | Reached skill level 27 in Invocations
 58332 | Vaults:5 | Identified the ring "Veifol" {rPois rN+ MR+ Dex-3 SInv}
 58501 | Vaults:5 | Reached skill level 27 in Fighting
 58501 | Vaults:5 | Reached skill level 1 in Charms
 58562 | Vaults:5 | Identified the +3 spear "Xaywiol" {pierce, -Tele rN+ Int+2
                  | SInv}
 58656 | Vaults:5 | Paralysed by a sphinx for 7 turns
 58680 | Vaults:5 | Reached skill level 5 in Charms
 58724 | Vaults:5 | Identified the +2 spear "Meas" {flame, +Blink MR- SInv
                  | Stlth+}
 58799 | Vaults:5 | Got a silver rune of Zot
 58801 | Vaults:5 | Identified A Primer on the Arcane Arts
 58867 | Vaults:5 | Reached skill level 1 in Evocations
 58877 | Vaults:5 | Reached skill level 1 in Staves
 59328 | Vaults:5 | Reached skill level 5 in Evocations
 59832 | Lair:6   | Found a staircase to the Slime Pits.
 59837 | Lair:6   | Reached skill level 5 in Staves
 59862 | Lair:6   | Learned a level 5 spell: Silence
 59869 | Lair:6   | Learned a level 6 spell: Deflect Missiles
 59872 | Lair:6   | Learned a level 2 spell: Passwall
 59873 | Slime:1  | Entered Level 1 of the Pits of Slime
 59921 | Slime:2  | Paralysed by a great orb of eyes for 3 turns
 59939 | Slime:2  | Reached skill level 15 in Long Blades
 60027 | Slime:2  | Gained mutation: Your spells are a little easier to cast,
                  | but a little less powerful. [a shining eye]
 60032 | Slime:2  | Gained mutation: You do not regenerate when monsters are
                  | visible. [a shining eye]
 60464 | Slime:3  | Gained mutation: Armour fits poorly on your strangely
                  | shaped body. [a shining eye]
 60962 | Slime:4  | Noticed Dissolution
 60970 | Slime:4  | Killed Dissolution
 60970 | Slime:4  | Reached skill level 10 in Charms
 61054 | Slime:5  | Entered Level 5 of the Pits of Slime
 61081 | Slime:5  | Gained mutation: You are partially covered in rugged brown
                  | scales. (AC +1, +3% HP) [a shining eye]
 61156 | Slime:5  | Reached skill level 10 in Evocations
 61179 | Slime:5  | Gained mutation: Your body sometimes deteriorates upon
                  | taking damage. [a shining eye]
 61206 | Slime:5  | Noticed the Royal Jelly
 61240 | Slime:5  | Found a viscous altar of Jiyva.
 61264 | Slime:5  | Killed the Royal Jelly
 61350 | Slime:5  | Identified the Tome of Ignition
 61358 | Slime:5  | Got a slimy rune of Zot
 61380 | Slime:5  | Identified the amulet "Jighiy" {RegenMP MR++} (You found it
                  | on level 5 of the Pits of Slime)
 61587 | Slime:5  | Lost mutation: You are partially covered in rugged brown
                  | scales. (AC +1, +3% HP) [potion of mutation]
 61587 | Slime:5  | Lost mutation: Armour fits poorly on your strangely shaped
                  | body. [potion of mutation]
 61587 | Slime:5  | Gained mutation: You have a pair of horns on your head.
                  | [potion of mutation]
 61587 | Slime:5  | Gained mutation: You are dopey. (Int -2) [potion of
                  | mutation]
 61587 | Slime:5  | Lost mutation: Your spells are a little easier to cast, but
                  | a little less powerful. [potion of mutation]
 61588 | Slime:5  | Lost mutation: You are dopey. (Int -2) [potion of mutation]
 61588 | Slime:5  | Gained mutation: Potions are less effective at restoring
                  | your health. [potion of mutation]
 61588 | Slime:5  | Gained mutation: Your flesh is cold resistant. (rC+)
                  | [potion of mutation]
 62043 | Zot:1    | Entered Level 1 of the Realm of Zot
 62085 | Zot:1    | Reached skill level 10 in Staves
 62185 | Zot:1    | Noticed an orb of fire
 62188 | Zot:1    | Gained mutation: You are weak. (Str -2) [an orb of fire]
 62195 | Zot:1    | Killed an orb of fire
 63450 | Zot:2    | You fall into a shaft and drop 1 floor!
 63527 | Zot:3    | Identified the +4 dragonskin cloak
 63527 | Zot:3    | Noticed Tiamat
 63600 | Zot:3    | Killed Tiamat
 63816 | Zot:3    | Reached skill level 1 in Air Magic
 64127 | Zot:3    | Got a scorched marble ring
 64128 | Zot:3    | Identified the ring "Heapnuig" {Str+4 Stlth+} (You found it
                  | on level 3 of the Realm of Zot)
 64386 | Zot:4    | Identified the cursed +0 chain mail of the Exiled People
                  | {rC+ rCorr} (You found it on level 4 of the Realm of Zot)
 64469 | Zot:4    | Reached skill level 10 in Spellcasting
 64495 | Zot:4    | Reached skill level 5 in Air Magic
 64664 | Zot:4    | Found a transporter.
 64670 | Zot:4    | Noticed Kejih's ghost (legendary NaHu)
 65037 | Zot:4    | Found a transporter.
 65259 | Zot:5    | Entered Level 5 of the Realm of Zot
 65475 | Zot:5    | Noticed an ancient lich
 65478 | Zot:5    | Noticed an orb of fire
 65478 | Zot:5    | Noticed an ancient lich
 65484 | Zot:5    | Cast into level 5 of the Abyss (an ancient lich)
 65484 | Abyss:5  | Entered Level 5 of the Abyss
 65484 | Abyss:5  | Entered Level 5 of the Abyss
 65710 | Zot:5    | Escaped the Abyss
 65714 | Zot:5    | Noticed an ancient lich
 65717 | Zot:5    | Gained mutation: You tend to lose your temper in combat.
                  | [an orb of fire]
 65718 | Zot:5    | Gained mutation: You are clumsy. (Dex -2) [an orb of fire]
 65725 | Zot:5    | Killed an ancient lich
 65726 | Zot:5    | Noticed an ancient lich
 65726 | Zot:5    | Noticed an ancient lich
 65726 | Zot:5    | Noticed an orb of fire
 65731 | Zot:5    | Lost mutation: You have a pair of horns on your head. [an
                  | orb of fire]
 65737 | Zot:5    | Killed an ancient lich
 65739 | Zot:5    | Killed an ancient lich
 65741 | Zot:5    | Gained mutation: You are frail. (-10% HP) [an orb of fire]
 65746 | Zot:5    | Gained mutation: You are occasionally teleported next to
                  | monsters. [an orb of fire]
 65746 | Zot:5    | Lost mutation: Your flesh is cold resistant. (rC+) [an orb
                  | of fire]
 65767 | Zot:5    | Gained mutation: You have supernaturally acute eyesight.
                  | (SInv) [an orb of fire]
 65770 | Zot:5    | HP: 4/245 [Orb Guardian (21)]
 65772 | Zot:5    | Annihilated by an Orb Guardian

Levels and vault maps discovered:
D:1:      minmay_arrival_diagonal_passages, layout_basic,
          hangedman_decor_opposing
D:2:      layout_basic, uniq_jessica, uniq_robin
D:3:      layout_rooms
D:4:      layout_basic, kennysheep_windowed_goal, uniq_natasha
D:5:      layout_loops_corners, elyvilon_altar_5,
          nicolae_qazlal_general_emergency, minmay_temple_entry_wispy,
          first_ration
D:6:      layout_basic, lemuel_zombie_altar_yredelemnul,
          kennysheep_okawaru_gauntlet
D:7:      minmay_chambers_of_sevens, layout_loops_ring, serial_shops,
          nicolae_shop_behind_doors
D:8:      layout_loops_ring, serial_shops, shop
D:9:      layout_basic, overflow_temple_1_default, kennysheep_mini, uniq_erica
D:10:     layout_irregular_city, lair_entry_dummy, david_orc_3, serial_shops,
          kennysheep_little_box, serial_co_window_serial, co_window_paths_b,
          co_window_paths_a, co_window_corner_a, co_window_cross_1,
          co_window_corner_a, co_window_of_opportunity_a, co_window_corner_a,
          co_window_paths_b, co_window_cross_1, co_window_paths_c,
          co_window_2corner, co_window_unsneaky_path_c, co_window_4corner_a,
          glass_columns_b, glass_columns_a, grunt_ogre_cave
D:11:     layout_roguey [special_room_kobold], serial_shops, shop,
          uniq_josephine
D:12:     layout_basic, gammafunk_ghost_grave, serial_bayou,
          serial_bayou_lake_a, serial_bayou_pond_e, serial_bayou_shore_b,
          serial_bayou_pond_c, minmay_hidden_floor
D:13:     layout_basic, grunt_vaults_entry_fortified,
          kennysheep_decorative_pillar
D:14:     layout_loops_cross, gauntlet_entry_generic, serial_bayou_pond_e,
          nrook_mini_vaults, uniq_louise, uniq_agnes, uniq_nessos
D:15:     hangedman_slaughterboxes, serial_shops
Temple:   kb_temple_of_zot
Lair:1:   layout_cave_pods, uniq_joseph
Lair:2:   minmay_guarded_unrand_snakebite, layout_small_grid,
          shoals_dummy_entry, roderic_carrion_pond
Lair:3:   layout_regular_city, minmay_snake_entry_guardpost_large,
          serial_forest, infiniplex_forest_lined_room_2,
          infiniplex_forest_side_room, infiniplex_forest_lined_corner,
          infiniplex_forest_lined_corner, infiniplex_forest_lined_3,
          infiniplex_forest_lined_corner, nicolae_quartered_pool_super,
          serial_bayou_shore_a, lemuel_fruit_tree, minmay_lair_oklob_chamber,
          uniq_snorg
Lair:4:   layout_layer_cave, kb_xom_exploding_sheep
Lair:5:   layout_small_grid, grunt_megastairs_2, uniq_rupert, uniq_kirke
Lair:6:   hangedman_lair_caniforms_friends, layout_gridlike,
          guppyfry_lair_end_dragon, minmay_slime_entry_oklob_open,
          nicolae_lair_yak_garden, uniq_urug
Shoals:1: layout_shoals
Shoals:2: layout_shoals, serial_shops, shop, minmay_shop_mass
Shoals:3: layout_shoals
Shoals:4: shoals_end_simple, layout_shoals
Snake:1:  layout_onion_interference
Snake:2:  layout_basic, ebering_ghost_reflecting_pool, basic_altar
Snake:3:  layout_misc_corridors, serial_shops, shop, uniq_jorgrun, uniq_aizul,
          uniq_donald, uniq_asterion
Snake:4:  minmay_snake_end_coiled, layout_cave_town, serial_shops,
          nicolae_shop_temple_entry_statues_fountains, uniq_nikola, uniq_vashnia
Slime:1:  layout_caves
Slime:2:  layout_caves, cheibrodos_slime_lost_civilization_7
Slime:3:  layout_caves
Slime:4:  layout_caves, dissolution_awaits
Slime:5
Orc:1:    layout_caves
Orc:2:    kennysheep_orc_mage_school, layout_diamond_mine
Elf:1:    eino_elf_arrival_the_gate, layout_geoelf_octagon, serial_shops,
          shop_statue, hangedman_corner_corridor, st_stairs_10
Elf:2:    layout_geoelf_octagon, uniq_azrael
Elf:3:    minmay_elf_hall_furrowed, layout_geoelf_diagonals, serial_shops, shop,
          minivault_5, nicolae_twisting_strands, guppyfry_elf_lava
Vaults:1: nicolae_vaults_big_ls, nicolae_vaults_little_squares_4,
          vaults_room_octagon, vaults_standard_mumra_lines,
          vaults_room_grunt_arrival_ludios, nicolae_vaults_little_squares_2,
          dpeg_vaults_monster_box, nicolae_vaults_network_quinsquares
          [nicolae_vaults_network_quincunx_subvault,
          nicolae_vaults_network_quincunx_subvault,
          nicolae_vaults_network_quincunx_subvault,
          nicolae_vaults_network_quincunx_subvault],
          nicolae_vaults_specimen_jars, hangedman_vaults_stagger,
          nicolae_vaults_gold_heap, v_alt_pattern_3, nicolae_vaults_rhombus_6,
          layout_vaults_big_cross, serial_shops,
          nicolae_shop_competitors_out_of_business, shop,
          nicolae_shop_temple_entry_statues_fountains, nicolae_shop_crystal
Vaults:2: grunt_vaults_diagonal, vaults_dpeg_doors,
          nicolae_vaults_ninety_degrees, hangedman_vaults_capsules,
          nicolae_vaults_alarming, v_alt_pattern_5, grunt_vaults_bifocal,
          ontoclasm_vaults_spin, ontoclasm_vaults_chip,
          vaults_room_stairs_pillars, ontoclasm_vaults_shuriken,
          vaults_room_grid, vaults_dpeg_spiral, ontoclasm_vaults_shout,
          minmay_crypt_entry_simple_sparse, layout_vaults_maze_bifur,
          uniq_bai_suzhen, uniq_mennas
Vaults:3: hangedman_vaults_trim, nicolae_vaults_border_crossing, v_misc_19,
          nicolae_vaults_asterisk, nicolae_vaults_hallways_thing,
          nicolae_vaults_theta, grunt_vaults_funnel, v_alt_pattern_6,
          ontoclasm_vaults_loading_screen, v_pattern_5,
          nicolae_vaults_yaktaur_gun_rack, vaults_room_semicircle,
          vaults_room_hallway, layout_vaults_omnibox, uniq_sojobo, uniq_margery
Vaults:4: vaults_room_ringed_pool, nicolae_vaults_circle_grid_b,
          nicolae_vaults_angled_halls, v_misc_10,
          nicolae_vaults_little_squares_4, ontoclasm_vaults_loading_screen,
          v_misc_28, nicolae_vaults_sealed_display,
          nicolae_vaults_stairing_the_circle, vaults_room_hangedman_quadrants,
          nicolae_vaults_network_periphery, vaults_dpeg_hooks,
          layout_vaults_ring, portal_desolation_entry_nicolae_nacl,
          uniq_saint_roka
Vaults:5: serial_shops
Crypt:1:  layout_gridlike, minmay_guarded_unrand_skullcrusher
Crypt:2:  layout_chaotic_city, lemuel_nasty_fountain
Crypt:3:  evilmike_haunted_forest
Depths:1: layout_basic, hell_entry, serial_co_window_serial, co_window_paths_a,
          co_window_paths_a, co_window_paths_b, co_window_corner_a,
          co_window_corner_a, co_window_corner_a, co_window_corner_a,
          co_window_paths_b, co_window_paths_a, co_window_cross_2,
          co_window_2corner, co_window_corner_b, co_window_corner_cb,
          co_window_corner_ca, co_window_paths_e, co_window_paths_d,
          glass_columns_c, glass_columns_a, glass_columns_b, pan_entry,
          grunt_decor_fettered
Depths:2: minmay_the_grid_ultimate [minmay_the_grid_prize_diamond_cup,
          minmay_the_grid_prize_four_corners,
          minmay_the_grid_prize_four_corners_diamond_a,
          minmay_the_grid_prize_big_room, minmay_the_grid_square_5x5_bracketed,
          minmay_the_grid_square_5x5_n_small,
          minmay_the_grid_square_5x5_dogpile,
          minmay_the_grid_square_5x5_fancy_junction,
          minmay_the_grid_square_5x5_three,
          minmay_the_grid_square_5x5_inverted_slash,
          minmay_the_grid_square_5x5_minivault, minmay_the_grid_square_5x5_mess,
          minmay_the_grid_square_5x5_shrine2,
          minmay_the_grid_square_5x5_inner_i, minmay_the_grid_square_5x5_tie,
          minmay_the_grid_square_5x5_checkered_statues,
          minmay_the_grid_square_5x5_three_small,
          minmay_the_grid_square_5x5_meh, minmay_the_grid_square_5x5_moneybag,
          minmay_the_grid_triangle_9x9_stretched_checkered,
          minmay_the_grid_triangle_9x9_tough_junction,
          minmay_the_grid_triangle_9x9_from_above,
          minmay_the_grid_triangle_9x9_windchime,
          minmay_the_grid_triangle_9x9_corruption,
          minmay_the_grid_triangle_9x9_thin_v,
          minmay_the_grid_triangle_9x9_corrupted_corridor,
          minmay_the_grid_triangle_9x9_warning,
          minmay_the_grid_triangle_9x9_checkered,
          minmay_the_grid_triangle_9x9_cache,
          minmay_the_grid_triangle_9x9_minimal,
          minmay_the_grid_triangle_9x9_sprig,
          minmay_the_grid_triangle_9x9_subtriangle,
          minmay_the_grid_triangle_9x9_flanged_cone,
          minmay_the_grid_triangle_9x9_negative_grid,
          minmay_the_grid_triangle_9x9_zippers_horizontal,
          minmay_the_grid_square_5x5_tri_point, minmay_the_grid_octo_shrine,
          minmay_the_grid_octo_tetromino_candy,
          minmay_the_grid_octo_fat_diamond, minmay_the_grid_octo_clover,
          minmay_the_grid_octo_thin_diamonds, minmay_the_grid_octo_teeth,
          minmay_the_grid_octo_pinwheel, minmay_the_grid_octo_toaster,
          minmay_the_grid_diamond_grid, minmay_the_grid_gridbox,
          minmay_the_grid_expand, minmay_the_grid_tiny_cups], hell_entry,
          serial_shops
Depths:3: kb_forest_paths, layout_cave_shapes, enter_ziggurat_c,
          grunt_pan_entry_in_and_out, hell_entry, chequers_serial_rivers_micro_e
Depths:4: gammafunk_sealed_arena, layout_basic, serial_shops, shop, abyss_entry,
          gammafunk_ghost_tricky_traps, kennysheep_doodads, hell_entry,
          uniq_frederick
Depths:5: evilmike_zot_entry_argh, layout_cave_pools, grunt_pan_entry_sceptre,
          hell_entry, serial_shops, bzr_entry_road, nicolae_ashenzari_panopticon
Zot:1:    nicolae_moth_party, layout_twisted_circle
Zot:2:    layout_gridlike, grunt_megastairs_3
Zot:3:    layout_misc_corridors, grunt_ministairs_9, uniq_tiamat
Zot:4:    layout_basic, gammafunk_ghost_berserking_beasts
Zot:5:    layout_basic

Skill      XL: |  1  2  3  4  5  6  7  8  9 10 11 12 13 14 15 16 17 18 19 20 21 22 23 24 25 26 27 |
---------------+----------------------------------------------------------------------------------+-----
Fighting       | 4 5 6 7 8 10 11 13 14 15 16 18 19 20 21 22 23 24 27 | 27.0
Axes           | 5 6 7 8 10 12 14 17 18 | 18.2
Dodging        | 3 5 7 8 9 12 14 16 | 16.7
Armour         | 2 5 8 9 11 16 17 18 | 18.4
Invocations    | 2 6 9 10 11 14 18 20 21 23 24 25 27 | 27.0
Long Blades    | 2 11 13 14 19 | 19.2
Slings         | 10 11 | 11.7
Shields        | 5 |  5.0
Spellcasting   | 2 5 8 9 11 | 11.9
Polearms       | 7 10 | 10.4
Translocations | 4 7 |  7.0
Maces & Flails | 12 13 | 13.6
Charms         | 12 | 12.6
Evocations     | 12 | 12.2
Staves         | 11 | 11.3
Air Magic      | 9 |  9.0
Stealth        | |  1.5

Action                   |  1- 3 |  4- 6 |  7- 9 | 10-12 | 13-15 | 16-18 | 19-21 | 22-24 | 25-27 || total
-------------------------+-------+-------+-------+-------+-------+-------+-------+-------+-------++-------
Melee: Hand axe          |    20 |       |       |       |       |       |       |       |       ||    20
       Dagger            |    62 |   173 |    55 |       |       |       |       |       |       ||   290
       War axe           |       |       |   353 |    38 |       |       |       |       |       ||   391
       Battleaxe         |       |       |       |   160 |       |       |       |       |       ||   160
       Broad axe         |       |       |       |   311 |  1081 |  1540 |  1884 |  1155 |  2787 ||  8758
       Morningstar       |       |       |       |       |    17 |       |       |       |       ||    17
       Unarmed           |       |       |       |       |     1 |       |       |       |       ||     1
       Scimitar          |       |       |       |       |       |   112 |       |       |       ||   112
       Trishula          |       |       |       |       |       |       |       |  1318 |       ||  1318
       Headbutt          |       |       |       |       |       |       |       |   168 |  1093 ||  1261
       Eveningstar       |       |       |       |       |       |       |       |       |    21 ||    21
       Katana            |       |       |       |       |       |       |       |       |     8 ||     8
Throw: Dart              |       |       |     1 |     2 |     3 |     3 |     2 |     5 |     2 ||    18
       Throwing net      |       |       |       |       |     2 |       |     1 |     7 |       ||    10
 Cast: Deflect Missiles  |       |       |       |       |       |       |       |       |     1 ||     1
Invok: Minor Destruction |       |       |     1 |       |     6 |       |       |       |       ||     7
       Lesser Servant of |       |       |       |     3 |     1 |     2 |     1 |       |       ||     7
       Major Destruction |       |       |       |       |     4 |     4 |       |       |       ||     8
       Greater Servant o |       |       |       |       |     9 |    10 |    13 |    18 |    23 ||    73
Evoke: Wand              |       |       |       |     3 |    18 |     9 |     7 |     8 |    16 ||    61
       Fan of gales      |       |       |       |       |       |       |       |     1 |     1 ||     2
       Lamp of fire      |       |       |       |       |       |       |       |       |     5 ||     5
  Use: Scroll            |     3 |     5 |     7 |     5 |    15 |    24 |    17 |    17 |    44 ||   137
       Potion            |     3 |     3 |     6 |     7 |    13 |    16 |    10 |    24 |    24 ||   106
 Stab: Sleeping          |     3 |     1 |     2 |    10 |    13 |     6 |     4 |     5 |       ||    44
       Distracted        |       |       |     1 |     2 |    10 |    14 |     7 |     7 |    19 ||    60
       Held in net/web   |       |       |       |       |     1 |       |       |     1 |       ||     2
       Invisible         |       |       |       |       |     7 |     9 |    18 |     5 |     8 ||    47
       Confused          |       |       |       |       |       |     2 |       |     3 |     4 ||     9
  Eat: Chunk             |       |     6 |     8 |    15 |    23 |    10 |    21 |    16 |    14 ||   113
       Ration            |       |       |     1 |     1 |     2 |     7 |     3 |     9 |    11 ||    34
Armor: Robe              |     2 |       |       |       |       |       |       |       |       ||     2
       Leather armour    |    27 |    12 |       |       |       |       |       |       |       ||    39
       Ring mail         |       |    46 |     3 |       |       |       |       |       |       ||    49
       Scale mail        |       |       |   233 |   271 |   543 |   585 |   721 |   814 |    26 ||  3193
       Chain mail        |       |       |       |       |       |       |       |       |   847 ||   847
Dodge: Dodged            |    63 |   124 |   214 |   239 |   775 |   911 |  1196 |  1433 |  1825 ||  6780
Block: Buckler           |       |       |       |       |       |   374 |   631 |   782 |  1549 ||  3336
       Reflection        |       |       |       |       |       |       |       |       |    66 ||    66
       Rpst.: Scimitar   |       |       |       |       |       |     5 |       |       |       ||     5

Table legend:
 A = Non-vault XP
 B = Vault XP
 C = Vault XP percentage of total XP
 D = Non-vault monster count
 E = Vault monster count
 F = Vault count percentage of total count
                 A         B        C        D         E       F
            +---------+---------+-------+---------+---------+-------
      Total |  949212 |  956500 |  50.2 |    1740 |    1166 |  40.1
            +---------+---------+-------+---------+---------+-------
        D:1 |      44 |       0 |   0.0 |      24 |       0 |   0.0
        D:2 |     141 |      75 |  34.7 |      22 |      14 |  38.9
        D:3 |     120 |       0 |   0.0 |      20 |       0 |   0.0
        D:4 |     327 |      49 |  13.0 |       9 |       2 |  18.2
        D:5 |     407 |       0 |   0.0 |      18 |       0 |   0.0
        D:6 |     300 |       7 |   2.3 |      12 |       4 |  25.0
        D:7 |    1935 |    1708 |  46.9 |      25 |      11 |  30.6
        D:8 |    1452 |       0 |   0.0 |      35 |       0 |   0.0
        D:9 |    2637 |     902 |  25.5 |      23 |       1 |   4.2
       D:10 |    1711 |     593 |  25.7 |      23 |       7 |  23.3
       D:11 |    1711 |    4152 |  70.8 |      14 |      31 |  68.9
       D:12 |    8563 |    6527 |  43.3 |      60 |       7 |  10.4
       D:13 |    4590 |    6767 |  59.6 |      22 |      10 |  31.2
       D:14 |   10444 |    4114 |  28.3 |      37 |       3 |   7.5
       D:15 |       0 |   42699 | 100.0 |       0 |      84 | 100.0
     Lair:1 |    2682 |     460 |  14.6 |      14 |       1 |   6.7
     Lair:2 |    4001 |    2669 |  40.0 |      16 |      15 |  48.4
     Lair:3 |    8612 |    2149 |  20.0 |      32 |       7 |  17.9
     Lair:4 |    8571 |       0 |   0.0 |      20 |       0 |   0.0
     Lair:5 |   10050 |    3627 |  26.5 |      26 |       3 |  10.3
     Lair:6 |    6709 |   18300 |  73.2 |      21 |      81 |  79.4
   Shoals:1 |   11981 |       0 |   0.0 |      24 |       0 |   0.0
   Shoals:2 |   12190 |       0 |   0.0 |      26 |       0 |   0.0
   Shoals:3 |   12042 |       0 |   0.0 |      24 |       0 |   0.0
   Shoals:4 |   15100 |   14289 |  48.6 |      30 |      33 |  52.4
    Snake:1 |   15634 |       0 |   0.0 |      31 |       0 |   0.0
    Snake:2 |   10767 |       0 |   0.0 |      21 |       0 |   0.0
    Snake:3 |   18602 |    6660 |  26.4 |      39 |       4 |   9.3
    Snake:4 |   18740 |   36984 |  66.4 |      39 |      48 |  55.2
    Slime:1 |   12910 |       0 |   0.0 |      15 |       0 |   0.0
    Slime:2 |   24902 |    4619 |  15.6 |      41 |       3 |   6.8
    Slime:3 |   25331 |       0 |   0.0 |      64 |       0 |   0.0
    Slime:4 |    4026 |   10663 |  72.6 |       3 |       1 |  25.0
    Slime:5 |   14728 |   22953 |  60.9 |      23 |      13 |  36.1
      Orc:1 |    1668 |       0 |   0.0 |      18 |       0 |   0.0
      Orc:2 |    2864 |    6316 |  68.8 |      40 |      32 |  44.4
      Elf:1 |   17284 |    9398 |  35.2 |      24 |      15 |  38.5
      Elf:2 |   20830 |    3192 |  13.3 |      36 |       4 |  10.0
      Elf:3 |    7473 |   52085 |  87.5 |      13 |      39 |  75.0
   Vaults:1 |   35634 |   16691 |  31.9 |      70 |      24 |  25.5
   Vaults:2 |   16916 |   38989 |  69.7 |      35 |      44 |  55.7
   Vaults:3 |   29900 |   42658 |  58.8 |      46 |      53 |  53.5
   Vaults:4 |   44230 |   28763 |  39.4 |      77 |      47 |  37.9
   Vaults:5 |   36273 |  138049 |  79.2 |      49 |      89 |  64.5
    Crypt:1 |   20570 |    5607 |  21.4 |      44 |      19 |  30.2
    Crypt:2 |   37501 |    3251 |   8.0 |      52 |       2 |   3.7
    Crypt:3 |       0 |   61367 | 100.0 |       0 |      90 | 100.0
   Depths:1 |   18856 |    1602 |   7.8 |      24 |       2 |   7.7
   Depths:2 |    1588 |  173039 |  99.1 |       2 |     147 |  98.7
   Depths:3 |   37282 |   24896 |  40.0 |      48 |      26 |  35.1
   Depths:4 |   28040 |   21637 |  43.6 |      31 |      13 |  29.5
   Depths:5 |   38337 |   11916 |  23.7 |      34 |      19 |  35.8
      Zot:1 |   32787 |   15010 |  31.4 |      17 |      12 |  41.4
      Zot:2 |    7671 |    3554 |  31.7 |       5 |       2 |  28.6
      Zot:3 |   53198 |   25096 |  32.1 |      29 |      16 |  35.6
      Zot:4 |   68124 |       0 |   0.0 |      39 |       0 |   0.0
      Zot:5 |   11120 |   41252 |  78.8 |       6 |       9 |  60.0
    Abyss:3 |   36946 |    7804 |  17.4 |      54 |       6 |  10.0
    Abyss:4 |   52799 |     812 |   1.5 |      63 |       1 |   1.6
    Abyss:5 |   19361 |     592 |   3.0 |      31 |       1 |   3.1
 Desolation |       0 |   27030 | 100.0 |       0 |      55 | 100.0
   Gauntlet |       0 |    4928 | 100.0 |       0 |      16 | 100.0
            +---------+---------+-------+---------+---------+-------
